 Dungeon Crawl Stone Soup version 0.20.0-7-g3b7b877 (webtiles) character file.

19061 inmateoo the Martial Artist (level 12, 0/74 HPs)
             Began as an Octopode Transmuter on May 29, 2017.
             Was an Elder of Yredelemnul.
             Slain by a redback (12 damage)
             ... on level 2 of the Lair of Beasts.
             The game lasted 00:30:27 (14613 turns).

inmateoo the Martial Artist (Octopode Transmuter)  Turns: 14613, Time: 00:30:28

Health: 0/74       AC:  5    Str: 11    XL:     12   Next: 65%
Magic:  14/23      EV: 20    Int: 19    God:    Yredelemnul [****..]
Gold:   723        SH:  0    Dex: 17    Spells: 7/26 levels left

rFire    + . .     SeeInvis +     - Unarmed
rCold    . . .     Gourm    .   (no shield)
rNeg     . . .     Faith    .   P - +3 crown of Dyrovepreva {rElec Int+2 SInv}
rPois    .         Spirit   .   m - amulet of regeneration
rElec    +         Reflect  .   (no ring)
rCorr    .         Harm     .   K - ring of wizardry
MR       ++...                  (no ring)
Stlth    +++++.....             s - ring of the Octopus King {AC+1 EV+1 Str+1 Int+1 Dex+1 SInv}
Regen    0.7/turn               (no ring)
MPRegen  0.2/turn               (no ring)
                                (no ring)
                                (no ring)

@: lethally poisoned (0 -> -16), appendage
A: almost no armour, stealthy swim, amphibious, 8 rings, constrict 8, tentacle
spike 3, camouflage 1, fire resistance 1, magic resistance 2, gelatinous body 1
a: End Transformation, Recall Undead Slaves, Injury Mirror, Animate Dead, Drain
Life, Renounce Religion


You were on level 2 of the Lair of Beasts.
You worshipped Yredelemnul.
Yredelemnul was greatly pleased with you.
You were very hungry.
One of your tentacles had a temporary spike.
You visited 4 branches of the dungeon, and saw 16 of its levels.
You also visited: Labyrinth and Ossuary.

You collected 971 gold pieces.
You spent 248 gold pieces at shops.

Inventory:

Missiles
 a - 271 arrows
Armour
 D - a +0 buckler
 P - the +3 crown of Dyrovepreva (worn) {rElec Int+2 SInv}
   (You found it in a labyrinth)

   It affects your intelligence (+2).
   It insulates you from electricity.
   It lets you see invisible.
Jewellery
 h - an uncursed amulet of faith {unknown}
 i - an uncursed amulet of magic regeneration {unknown}
 m - an amulet of regeneration (around mantle)
 s - a ring of the Octopus King (on tentacle) {AC+1 EV+1 Str+1 Int+1 Dex+1 SInv}
   (You took it off a minotaur in a labyrinth)

   [ring of see invisible]

   It affects your AC (+1).
   It affects your evasion (+1).
   It affects your strength (+1).
   It affects your intelligence (+1).
   It affects your dexterity (+1).
   It lets you see invisible.
 G - an uncursed ring of ice
 H - the ring "Pavuz" {*Tele Dex+2}
   (You found it in a labyrinth)

   [ring of teleportation]

   It may teleport you next to monsters.
   It affects your dexterity (+2).
 K - a ring of wizardry (right tentacle)
 N - an uncursed amulet of guardian spirit {unknown}
 O - an uncursed amulet of the gourmand {unknown}
Wands
 q - a wand of flame (6/48)
 t - a wand of lightning (8/15)
 x - a wand of lightning (8/15)
 F - a wand of lightning (8/15)
 I - a wand of flame (24/48)
 Q - a wand of iceblast (12/15)
 S - a wand of iceblast (6/15)
 T - a wand of flame (15/48)
Scrolls
 j - 3 scrolls of remove curse
 k - a scroll of fear
 n - 4 scrolls of recharging
 p - 4 scrolls of teleportation
 y - a scroll of fog
 M - a scroll of blinking
 R - a scroll of identify
Potions
 d - a potion of ambrosia
 e - 3 potions of resistance
 g - a potion of curing
 l - a potion of lignification
 o - 5 potions of agility
 r - 2 potions of haste
 u - 2 potions of brilliance {unknown}
 v - 3 potions of might {unknown}
 w - 2 potions of mutation {unknown}
 z - 2 potions of heal wounds
 A - 2 potions of flight
 B - a potion of invisibility {unknown}
 C - a potion of cancellation {unknown}
 J - a potion of experience {unknown}
Books
 b - a book of Changes

   Spells                             Type                      Level
   a - Beastly Appendage              Transmutation                1
   b - Sticks to Snakes               Transmutation                2
   c - Spider Form                    Transmutation/Poison         3
   d - Ice Form                       Ice/Transmutation            4
   e - Blade Hands                    Transmutation                5
 E - a book of Alchemy

   Spells                             Type                      Level
   a - Sublimation of Blood           Necromancy                   2
   b - Ignite Poison                  Fire/Transmutation/Poison    3
   c - Petrify                        Transmutation/Earth          4
   d - Alistair's Intoxication        Transmutation/Poison         5
   e - Irradiate                      Conjuration/Transmutation    5
Comestibles
 c - 3 bread rations
 f - 11 meat rations
 L - 8 fruits


   Skills:
 - Level 4.1 Fighting
 + Level 9.0 Dodging
 - Level 7.2 Stealth
 * Level 12.3 Unarmed Combat
 + Level 7.9 Spellcasting
 + Level 8.8 Transmutations
 - Level 4.0 Ice Magic


You had 7 spell levels left.
You knew the following spells:

 Your Spells              Type           Power        Failure   Level  Hunger
a - Beastly Appendage     Tmut           #####.       1%          1    None
b - Sticks to Snakes      Tmut           #####...     1%          2    None
c - Spider Form           Tmut/Pois      ###.......   1%          3    None
d - Ice Form              Ice/Tmut       ####....     2%          4    ###....
e - Blade Hands           Tmut           #####.....   2%          5    #####..
f - Petrify               Tmut/Erth      ###.....     6%          4    ###....


Dungeon Overview and Level Annotations

Branches:
Dungeon (11/15)            Temple (1/1) D:6            Lair (3/6) D:8
    Orc (1/2) D:9
  Swamp: Lair:2-4    Shoals: Lair:2-4     Snake: Lair:2-4    Spider: Lair:2-4

Altars:
Cheibriados
Dithmenos
Elyvilon
Fedhas
Gozag
Hepliaklqana
Kikubaaqudgha
Makhleb
Nemelex Xobeh
Okawaru
Qazlal
Ru
Sif Muna
Trog
Uskayaw
Vehumet
Xom
Yredelemnul
Zin
The Shining One

Shops:
D:6 *

Annotations:
Lair:1 Fannar, Nergalle


Innate Abilities, Weirdness & Mutations

You cannot wear most types of armour.
You are very stealthy in the water. (Stealth+)
You are amphibious.
You can wear up to eight rings at the same time.
You can use your tentacles to constrict eight enemies at once.
Your skin changes colour to match your surroundings (Stealth+).
Your rubbery body absorbs attacks. (AC +1, EV +1)
One of your tentacles bears a large vicious spike.
Your flesh is heat resistant. (rF+)
You are highly resistant to hostile enchantments. (MR++)


Message History

Unknown command.
You struggle to detach yourself from the web.
You constrict the redback.
You feel very sick. The redback bites you!
* * * LOW HITPOINT WARNING * * *
Unknown command.
Okay, then.
You feel better.
You constrict the redback. The redback bites you. The redback bites you!
* * * LOW HITPOINT WARNING * * *
You feel better.
You constrict the redback. The redback bites you.
* * * LOW HITPOINT WARNING * * *
Okay, then.
The web tears apart.
You constrict the redback. The redback bites you!
* * * LOW HITPOINT WARNING * * *
You are lethally poisoned!
The redback poisons you! The redback bites you!
You die...
Your body rises from the dead as a mindless zombie.

# ## ######### .#####
#.P#.P#.# .+...#
#........ ..#..## ####
#........ ..#...###..#
##........ .P#......#####
#P........
.###.###.†.#†###.........
.# ### #....[)..@s.......
## #######.##s....... ##
####........ .# ###.##...
.# .# s. +.# #. . ..# ##
#.## ....


You could see 2 jumping spiders and a redback.

Vanquished Creatures
  A minotaur (Lab)
  Harold (Lair:2)
  Erica (Lair:1)
  A two-headed ogre (D:8)
  2 black mambas
  3 spiny frogs
  4 komodo dragons
  7 blink frogs
  A jumping spider (Lair:2)
  5 hippogriffs
  3 redbacks (Lair:2)
  2 wyverns
  16 yaks
  2 shadows (Lab)
  5 basilisks
  5 hungry ghosts
  A steam dragon (D:7)
  2 insubstantial wisps (D:7)
  A warg (D:9)
  2 water moccasins
  5 porcupines
  4 orc warriors
  4 sky beasts
  2 necrophages
  A black bear (D:8)
  2 phantoms
  4 ice beasts
  3 ogres
  9 crocodiles
  2 centaurs
  6 bullfrogs
  12 scorpions
  12 killer bees
  4 crimson imps
  A quasit (D:10)
  2 centaur zombies (Ossuary)
  3 hounds
  A bullfrog skeleton (D:4)
  3 human zombies (Ossuary)
  4 orc priests
  9 orc wizards
  A centaur skeleton (D:9)
  An iguana (D:8)
  7 worker ants
  A killer bee zombie (D:7)
  A big kobold zombie (Ossuary)
  2 hound skeletons
  3 mummies (Ossuary)
  A howler monkey zombie (D:7)
  4 scorpion zombies (Ossuary)
  4 gnolls (D:2)
  9 adders
  An ooze (D:1)
  An adder skeleton (D:7)
  An adder zombie (D:7)
  2 worms
  6 dart slugs
  5 leopard geckos
  23 orcs
  2 ball pythons (D:3)
  5 bats
  2 giant cockroaches
  7 goblins
  7 hobgoblins
  6 jackals
  A quokka (D:7)
  A frilled lizard (D:2)
  4 gnoll zombies (Ossuary)
  3 goblin zombies (Ossuary)
  A hobgoblin zombie (Ossuary)
  2 jackal zombies (D:7)
  10 kobolds
  4 kobold zombies (Ossuary)
  A leopard gecko skeleton (D:4)
  An orc zombie (Ossuary)
  A quokka zombie (D:9)
  5 rats
294 creatures vanquished.

Vanquished Creatures (collateral kills)
  An ogre (D:7)
1 creature vanquished.

Vanquished Creatures (others)
  A sky beast (D:7)
  A phantom (D:6)
  A wight (Lair:2)
  2 fungi (Lair:2)
5 creatures vanquished.

Grand Total: 300 creatures vanquished

Notes
Turn   | Place    | Note
-------+----------+-------------------------------------------
     0 | D:1      | inmateoo the Octopode Transmuter began the quest for the Orb.
     0 | D:1      | Reached XP level 1. HP: 13/13 MP: 3/3
   210 | D:1      | Reached XP level 2. HP: 18/18 MP: 5/5
   214 | D:1      | Learned a level 2 spell: Sticks to Snakes
   418 | D:1      | Reached XP level 3. HP: 21/23 MP: 6/6
  1030 | D:2      | Reached skill level 1 in Stealth
  1224 | D:2      | Reached XP level 4. HP: 28/28 MP: 7/7
  1508 | D:2      | Found a shimmering altar of Xom.
  1508 | D:2      | Found a sacrificial altar of Ru.
  1571 | D:2      | Found an iron altar of Okawaru.
  1743 | D:3      | Reached skill level 4 in Unarmed Combat
  1743 | D:3      | Reached XP level 5. HP: 30/34 MP: 6/8
  1789 | D:3      | Learned a level 3 spell: Spider Form
  2915 | D:4      | Reached XP level 6. HP: 37/40 MP: 7/9
  2923 | D:4      | Learned a level 4 spell: Ice Form
  3350 | D:4      | Found a deep blue altar of Sif Muna.
  3406 | D:4      | Found a glowing golden altar of the Shining One.
  3443 | D:5      | Entered Level 5 of the Dungeon
  3647 | D:5      | Found a stormy altar of Qazlal.
  3649 | D:5      | Noticed a water elemental
  3650 | D:5      | Noticed a fire elemental
  3650 | D:5      | Noticed an air elemental
  3672 | D:5      | Found an opulent altar of Gozag.
  3742 | D:5      | Reached skill level 1 in Ice Magic
  3873 | D:5      | Noticed a sky beast
  3904 | D:5      | Killed a sky beast
  3904 | D:5      | Reached skill level 5 in Unarmed Combat
  3904 | D:5      | Reached XP level 7. HP: 20/45 MP: 8/11
  3908 | D:5      | Gained mutation: Your flesh is heat resistant. (rF+) [mutagenic meat]
  3909 | D:5      | Gained mutation: You are resistant to hostile enchantments. (MR+) [mutagenic meat]
  3911 | D:5      | Gained mutation: You are highly resistant to hostile enchantments. (MR++) [mutagenic meat]
  4665 | D:6      | Found a burning altar of Makhleb.
  4943 | D:6      | Reached XP level 8. HP: 41/52 MP: 8/12
  4999 | D:6      | Found a staircase to the Ecumenical Temple.
  5023 | Temple   | Entered the Ecumenical Temple
  5077 | Temple   | Became a worshipper of Yredelemnul the Dark
  5286 | D:6      | Found Ogismap's Assorted Antiques.
  5294 | D:6      | Bought a scroll of identify for 66 gold pieces
  5294 | D:6      | Bought a scroll of identify for 66 gold pieces
  5294 | D:6      | Bought a smoky yellow potion for 29 gold pieces
  5294 | D:6      | Bought a fizzy ruby potion for 29 gold pieces
  5294 | D:6      | Bought a coppery potion for 29 gold pieces
  5294 | D:6      | Bought a sapphire potion for 29 gold pieces
  5299 | D:6      | Found a radiant altar of Vehumet.
  5584 | D:7      | Reached skill level 6 in Unarmed Combat
  5589 | D:7      | Found a sand-covered staircase.
  5672 | Ossuary  | Entered an ossuary
  5970 | Ossuary  | Reached skill level 5 in Stealth
  5980 | Ossuary  | Reached XP level 9. HP: 57/57 MP: 11/14
  5991 | Ossuary  | Reached * piety under Yredelemnul
  6123 | D:7      | Reached skill level 7 in Unarmed Combat
  6573 | D:7      | Learned a level 5 spell: Blade Hands
  6653 | D:7      | Reached skill level 5 in Transmutations
  6694 | D:7      | Found a white marble altar of Elyvilon.
  7090 | D:7      | Reached skill level 5 in Dodging
  7229 | D:8      | Reached skill level 8 in Unarmed Combat
  7281 | D:8      | Reached ** piety under Yredelemnul
  7340 | D:8      | Reached XP level 10. HP: 57/62 MP: 11/16
  7491 | D:8      | Noticed a two-headed ogre
  7492 | D:8      | Found a staircase to the Lair.
  8089 | D:9      | Found a hazy altar of Hepliaklqana.
  8223 | D:9      | Reached skill level 5 in Spellcasting
  8343 | D:9      | Found a shadowy altar of Dithmenos.
  8354 | D:9      | Found a bloodstained altar of Trog.
  8426 | D:9      | Found a staircase to the Orcish Mines.
  9328 | D:8      | Reached *** piety under Yredelemnul
  9349 | D:8      | Killed a two-headed ogre
  9349 | D:8      | Reached skill level 9 in Unarmed Combat
  9488 | D:10     | Entered Level 10 of the Dungeon
 10391 | D:10     | Reached XP level 11. HP: 68/68 MP: 13/19
 10420 | D:10     | Reached skill level 10 in Unarmed Combat
 10893 | Orc:1    | Entered Level 1 of the Orcish Mines
 10893 | Orc:1    | Noticed an orc high priest
 10925 | Lair:1   | Entered Level 1 of the Lair of Beasts
 10954 | Lair:1   | Found a burning altar of Makhleb.
 10955 | Lair:1   | Noticed a five-headed hydra
 11273 | Lair:1   | HP: 3/68 [blink frog (16)]
 11285 | Lair:1   | Noticed Erica
 11310 | Lair:1   | Killed Erica
 11447 | Lair:1   | Noticed Nergalle
 11729 | Lair:1   | Noticed Fannar
 11837 | Lair:1   | Noticed a seven-headed hydra
 12391 | Lair:2   | Reached skill level 11 in Unarmed Combat
 12397 | Lair:2   | Reached **** piety under Yredelemnul
 12786 | Lair:3   | Found a labyrinth entrance.
 12814 | Lab      | Entered a labyrinth
 12914 | Lab      | Reached XP level 12. HP: 74/74 MP: 17/22
 13144 | Lab      | Noticed a minotaur
 13155 | Lab      | Killed a minotaur
 13157 | Lab      | Got a ring of the Octopus King
 13160 | Lab      | Got a glittering turquoise ring
 13174 | Lab      | Identified the ring "Pavuz" {*Tele Dex+2} (You found it in a labyrinth)
 13177 | Lab      | Identified a ring of the Octopus King {AC+1 EV+1 Str+1 Int+1 Dex+1 SInv} (You took it off a minotaur in a labyrinth)
 13186 | Lab      | Learned a level 4 spell: Petrify
 13762 | Lair:3   | Reached skill level 12 in Unarmed Combat
 14260 | Lair:2   | Noticed Harold
 14268 | Lair:2   | Killed Harold
 14268 | Lair:2   | Received a gift from Yredelemnul (a wight)
 14613 | Lair:2   | Slain by a redback

Skill      XL: |  1  2  3  4  5  6  7  8  9 10 11 12 |
---------------+-------------------------------------+-----
Stealth        | 1 2 3 5 6 7 |  7.2
Fighting       | 2 3 4 |  4.1
Unarmed Combat | 4 5 6 8 9 11 12 | 12.3
Transmutations | 3 4 5 6 7 8 |  8.8
Dodging        | 3 4 5 6 8 9 |  9.0
Ice Magic      | 1 2 3 4 |  4.0
Spellcasting   | 3 4 5 7 |  7.9

Action                   |  1- 3 |  4- 6 |  7- 9 | 10-12 || total
-------------------------+-------+-------+-------+-------++-------
Melee: Unarmed           |    76 |   114 |   356 |   602 ||  1148
       Constrict         |    21 |    21 |    27 |    36 ||   105
       Tentacles         |    14 |    21 |    40 |    44 ||   119
       Kick              |     1 |    14 |    25 |     6 ||    46
       Punch             |     3 |     3 |     9 |    16 ||    31
 Cast: Beastly Appendage |     1 |     7 |    13 |     5 ||    26
       Sticks to Snakes  |       |     7 |     3 |       ||    10
       Ice Form          |       |       |    13 |    16 ||    29
       Spider Form       |       |       |     4 |    16 ||    20
       Blade Hands       |       |       |       |    17 ||    17
       Petrify           |       |       |       |     6 ||     6
 Abil: End Transformatio |       |       |       |     3 ||     3
Evoke: Wand              |       |       |       |     8 ||     8
  Use: Scroll            |       |     8 |    14 |     9 ||    31
       Potion            |       |       |       |    13 ||    13
 Stab: Sleeping          |     3 |    11 |    15 |    14 ||    43
       Distracted        |       |       |       |     3 ||     3
       Petrified         |       |       |       |    10 ||    10
  Eat: Chunk             |     1 |     7 |    10 |    26 ||    44
       Royal jelly       |       |       |     3 |     2 ||     5
       Bread ration      |       |       |     1 |     1 ||     2
       Fruit             |       |       |       |     2 ||     2
Armor: Skin              |     7 |     2 |    33 |    70 ||   112
Dodge: Dodged            |    52 |    53 |   192 |   342 ||   639
